 Dungeon Crawl Stone Soup version 0.28-a0-10-g964c8b829e (webtiles) character file.

Game seed: 8968409894551041050

22272 HAL9000 the Covert (level 12, -6/60 HPs)
             Began as a Vine Stalker Brigand on July 25, 2021.
             Was a Believer of Dithmenos.
             Mangled by a catoblepas (8 damage)
             ... while petrified by a catoblepas
             ... on level 2 of the Lair of Beasts.
             The game lasted 00:33:44 (15575 turns).

HAL9000 the Covert (Vine Stalker Brigand)          Turns: 15575, Time: 00:33:45

Health: -6/60      AC: 10    Str: 17    XL:     12   Next: 98%
Magic:  0/22       EV:  2    Int: 13    God:    Dithmenos [**....]
Gold:   785        SH:  0    Dex: 16    Spells: 7/11 levels left

rFire   . . .      SeeInvis .   a - +2 dagger (protect)
rCold   . . .      Faith    .   Y - +2 buckler
rNeg    + + +      Spirit   +   s - +2 robe {Archmagi}
rPois   ∞          Reflect  .   z - +0 helmet
rElec   .          Harm     .   H - +2 cloak {rPois}
rCorr   .          Rampage  .   (no gloves)
Will    ++...      Archmagi +   y - +1 pair of boots
Stlth   +++++++...              (no amulet)
HPRegen 1.20/turn               l - ring of magical power
MPRegen 0.18/turn               b - ring of willpower

@: petrified, wreathed by umbra
A: fangs 3, regeneration 1, magic shield, antimagic bite, no potion heal 2
a: Renounce Religion, Shadow Step


You were on level 2 of the Lair of Beasts.
You worshipped Dithmenos.
Dithmenos was pleased with you.
You visited 3 branches of the dungeon, and saw 14 of its levels.

You collected 785 gold pieces.

Inventory:

Hand Weapons
 a - a +2 dagger of protection (weapon)
 e - a +4 hunting sling of flaming
 p - a +2 scimitar of flaming
Missiles
 c - a curare-tipped dart
 h - an atropa-tipped dart (quivered)
 A - 25 poisoned darts
 C - 103 sling bullets
 F - 4 boomerangs
 G - a throwing net
Armour
 s - a +2 robe of the Archmagi (worn)
 y - a +1 pair of boots (worn)
 z - a +0 helmet (worn)
 H - a +2 cloak of poison resistance (worn)
 M - a +0 troll leather armour
 S - a +0 kite shield of fire resistance
 T - the +10 tower shield of Ignorance {rN+ Int-4}
   (You found it on level 11 of the Dungeon)

   Int:       It affects your intelligence (-4).
   rN:        It protects you from negative energy.
 Y - a +2 buckler (worn)
Jewellery
 b - a ring of willpower (right hand)
 d - a ring of ice
 l - a ring of magical power (left hand)
 v - a ring of fire
 E - a ring of see invisible
 K - the ring of Qiarom {EV+4 Str+2}
   (You found it on level 11 of the Dungeon)

   [ring of evasion]

   EV:        It affects your evasion (+4).
   Str:       It affects your strength (+2).
 U - a +4 ring of slaying
 V - an amulet of faith
 Z - a +4 ring of evasion
Wands
 m - a wand of acid (9)
 q - a wand of paralysis (6)
 B - a wand of mindburst (20)
 I - a wand of digging (2)
 N - a wand of iceblast (10)
Scrolls
 g - 2 scrolls of blinking
 j - a scroll of fear {unknown}
 n - 8 scrolls of teleportation
 o - 2 scrolls of silence {unknown}
 r - 3 scrolls of fog
 x - a scroll of enchant armour
 J - a scroll of enchant weapon
 L - 2 scrolls of magic mapping
 P - a scroll of identify
Potions
 f - a potion of might
 i - 3 potions of haste
 k - 3 potions of attraction
 t - 2 potions of flight
 u - 4 potions of curing
 w - 2 potions of berserk rage
 D - a potion of lignification
 Q - a potion of resistance {unknown}
 R - a potion of mutation {unknown}
 W - a potion of ambrosia {unknown}
 X - a potion of invisibility {unknown}
Miscellaneous
 O - a phantom mirror


   Skills:
 - Level 5.1 Fighting
 - Level 9.0 Short Blades
 - Level 7.3(8.2) Slings
 - Level 5.5(7.3) Throwing
 - Level 0.7 Dodging
 - Level 13.2 Stealth
 + Level 7.0 Shields
 - Level 9.3 Hexes


You had 7 spell levels left.
You knew the following spells:

 Your Spells              Type           Power      Damage    Failure   Level
a - Cause Fear            Hex            18%        N/A       7%          4

Your spell library contained the following spells:

 Spells                   Type           Power      Damage    Failure   Level
 Corona                   Hex            40%        N/A       1%          1
 Inner Flame              Hex/Fire       18%        N/A       14%         3
 Portal Projectile        Hex/Tloc       36%        N/A       14%         3
 Animate Skeleton         Necr           0%         N/A       30%         1
 Apportation              Tloc           0%         N/A       30%         1
 Summon Small Mammal      Summ           0%         N/A       30%         1
 Leda's Liquefaction      Hex/Erth       9%         N/A       41%         4
 Call Canine Familiar     Summ           0%         N/A       67%         3
 Discord                  Hex            18%        N/A       100%        8


Dungeon Overview and Level Annotations

Branches:
Dungeon (11/15)            Temple (1/1) D:4            Lair (2/6) D:11
  Swamp (0/4) Lair:2
  Snake: Lair:2-4    Spider: Lair:2-4       Orc: D:9-12

Altars:
Ashenzari
Cheibriados
Dithmenos
Elyvilon
Fedhas
Gozag
Hepliaklqana
Kikubaaqudgha
Makhleb
Nemelex Xobeh
Okawaru
Qazlal
Ru
Sif Muna
Trog
Uskayaw
Vehumet
Wu Jian
Xom
Yredelemnul
Zin
The Shining One

Shops:
D:4 =   D:9 *

Annotations:
D:7 3 runed translucent doors, Blejac999's ghost, novice MiBe; anet's ghost, novice GnEn; anet's ghost, novice HOCj; xsansara's ghost, novice MiBe


Innate Abilities, Weirdness & Mutations

You have razor-sharp teeth.
Your natural rate of healing is unusually fast.
When hurt, damage is shared between your health and your magic reserves.
Your bite disrupts and absorbs the magic of your enemies.
Potions cannot restore your health.


Message History

The catoblepas gores you!
* * * LOW HITPOINT WARNING * * *
You turn to flesh and can move again.
The catoblepas breathes a plume of calcifying dust at you.
The blast of calcifying dust hits you but does no damage.
You are engulfed in calcifying dust.
You are engulfed in calcifying dust.
You are slowing down.
There is a stone staircase leading up, spattered with blood here.
The yak is engulfed in calcifying dust.
The yak is moving more slowly.
Your limbs are stiffening.
Throw: 2 darts (atropa)
Press: ? - help, Q - select action, (/) - cycle Shift-Dir - straight line, f/p - catoblepas
Aim: a catoblepas (umbra, 91% to hit, chance to blind on hit: 35%)
You throw an atropa-tipped dart.
The atropa-tipped dart hits the catoblepas!
The catoblepas resists.
The catoblepas gores you but does no damage.
You have turned to stone.
The catoblepas gores you!! The catoblepas gores you!
* * * LOW HITPOINT WARNING * * *
The catoblepas gores you!
* * * LOW HITPOINT WARNING * * *
The yak completely misses you. The catoblepas gores you!!
* * * LOW HITPOINT WARNING * * *
The yak gores you but does no damage.
The catoblepas breathes a plume of calcifying dust at you.
The blast of calcifying dust hits you.
* * * LOW HITPOINT WARNING * * *
The yak gores you.
* * * LOW HITPOINT WARNING * * *
You are engulfed in calcifying dust.
The yak stops moving altogether!
The catoblepas gores you!
* * * LOW HITPOINT WARNING * * *
You are engulfed in calcifying dust.
The catoblepas gores you!
* * * LOW HITPOINT WARNING * * *
You are engulfed in calcifying dust.
The catoblepas gores you!
You die...

.#......#.#..# #.#..#(##
..#.........## ##.#....#
.............#######....P#.#
####.........##.P#.##......#
#.......................##
##.......................P#
###.............†..........##
..#....[.......YY..........#
................@..........#
#.#.####.#####.###..#.#..###
##### ### ### ###.##### ###


You could see a catoblepas and a yak (petrified).

Vanquished Creatures
  2 hydras (Lair:1)
  Erica (D:11)
  2 two-headed ogres
  5 death yaks (D:9)
  A black mamba (Lair:1)
  6 elephants
  A torpor snail (Lair:2)
  3 cane toads
  Psyche (D:11)
  3 komodo dragons (Lair:1)
  3 trolls
  A meliai zombie (D:10)
  Sigmund (D:4)
  3 wyverns
  A wraith (D:7)
  A shadow (D:9)
  5 humans
  15 yaks
  7 vampire mosquitoes
  Menkaure (D:7)
  13 water moccasins
  A hornet zombie (D:8)
  4 orc warriors
  Purgy (D:3)
  A necrophage (D:6)
  An ice beast (D:6)
  4 ogres
  2 black bears
  6 centaurs
  5 bullfrogs
  3 kobold brigands
  Blork the orc (D:5)
  2 scorpions
  13 killer bees
  4 howler monkeys
  A wight (D:8)
  4 electric eels (Lair:2)
  2 centaur zombies
  A hound (D:5)
  2 jellies
  2 centaur skeletons
  Ijyb (D:3)
  4 orc priests
  Crazy Yiuf (D:7)
  6 iguanas
  Terence (D:2)
  A scorpion zombie (D:5)
  7 orc wizards
  19 gnolls
  3 river rats (D:5)
  11 adders
  A shadow imp (D:6)
  A white imp (D:5)
  2 worms (D:3)
  A dart slug (D:3)
  24 orcs
  4 ball pythons
  9 endoplasms
  2 giant cockroaches (D:2)
  5 goblins
  7 hobgoblins
  15 jackals
  3 quokkas
  2 bats
  A frilled lizard (D:3)
  18 kobolds
  4 rats
289 creatures vanquished.

Vanquished Creatures (others)
  8 fungi (Lair:2)
  49 plants
  2 withered plants (D:7)
59 creatures vanquished.

Grand Total: 348 creatures vanquished

Notes
Turn   | Place    | Note
-------+----------+-------------------------------------------
     0 | D:1      | HAL9000 the Vine Stalker Brigand began the quest for the
                  | Orb.
     0 | D:1      | Reached XP level 1. HP: 11/11 MP: 2/2
   479 | D:1      | Reached XP level 2. HP: 14/15 MP: 3/3
   847 | D:1      | Found a faded altar of an unknown god.
  1184 | D:2      | Reached XP level 3. HP: 12/18 MP: 2/4
  1619 | D:2      | Noticed Terence
  1646 | D:2      | Killed Terence
  1647 | D:2      | Gained mutation: Your natural rate of healing is unusually
                  | fast. [Vine Stalker growth]
  1647 | D:2      | Reached XP level 4. HP: 22/23 MP: 3/5
  2235 | D:3      | Noticed Ijyb
  2420 | D:3      | Reached XP level 5. HP: 26/26 MP: 6/6
  2546 | D:3      | Paralysed by Ijyb for 6 turns
  2592 | D:3      | Killed Ijyb
  2593 | D:3      | Reached skill level 5 in Throwing
  2771 | D:3      | Noticed Purgy
  2798 | D:3      | Killed Purgy
  2799 | D:3      | Reached XP level 6. HP: 17/30 MP: 3/7
  2891 | D:3      | Found a bloodstained altar of Trog.
  3165 | D:4      | Noticed Sigmund
  3184 | D:4      | Killed Sigmund
  3185 | D:4      | Reached XP level 7. HP: 19/34 MP: 4/8
  3288 | D:4      | Found a snail-covered altar of Cheibriados.
  3357 | D:4      | Found a staircase to the Ecumenical Temple.
  3375 | Temple   | Entered the Ecumenical Temple
  3652 | D:4      | Found a hide-covered altar of Uskayaw.
  3676 | D:4      | Reached skill level 5 in Short Blades
  3958 | D:4      | Found an opulent altar of Gozag.
  4098 | D:4      | Found Divvusou's Jewellery Shoppe.
  4203 | D:5      | Entered Level 5 of the Dungeon
  4284 | D:5      | Noticed Blork the orc
  4321 | D:5      | Killed Blork the orc
  4622 | D:5      | Gained mutation: You have razor-sharp teeth. [Vine Stalker
                  | growth]
  4622 | D:5      | Reached XP level 8. HP: 38/38 MP: 9/9
  5564 | D:6      | Reached XP level 9. HP: 39/42 MP: 10/10
  5629 | D:6      | Reached skill level 5 in Stealth
  6190 | D:6      | Reached skill level 5 in Fighting
  6365 | D:6      | Reached skill level 6 in Stealth
  6409 | D:6      | Reached skill level 7 in Stealth
  6562 | D:6      | Found a glowing golden altar of the Shining One.
  6726 | D:7      | Found a runed translucent door.
  6727 | D:7      | Noticed Crazy Yiuf
  6740 | D:7      | Killed Crazy Yiuf
  6839 | D:7      | Noticed Menkaure
  6859 | D:7      | Killed Menkaure
  7042 | D:7      | Reached skill level 8 in Stealth
  7282 | D:7      | Reached skill level 9 in Stealth
  7282 | D:7      | Reached XP level 10. HP: 51/51 MP: 11/11
  7347 | D:7      | Found a runed translucent gate.
  7347 | D:7      | Found a runed translucent gate.
  7349 | D:7      | Found a runed translucent gate.
  7349 | D:7      | Noticed Blejac999's ghost (novice MiBe)
  7350 | D:7      | Noticed anet's ghost (novice GnEn)
  7351 | D:7      | Noticed anet's ghost (novice HOCj)
  7351 | D:7      | Noticed xsansara's ghost (novice MiBe)
  7733 | D:7      | Learned a level 4 spell: Cause Fear
  7912 | D:8      | Reached skill level 10 in Stealth
  7941 | D:8      | Found a glowing silver altar of Zin.
  8120 | D:8      | Noticed a two-headed ogre
  8152 | D:8      | Killed a two-headed ogre
  8212 | D:8      | Found a radiant altar of Vehumet.
  8841 | D:9      | Reached skill level 5 in Hexes
  8950 | D:9      | Found a stormy altar of Qazlal.
  9315 | D:9      | Noticed a two-headed ogre
  9345 | D:9      | Killed a two-headed ogre
  9504 | D:9      | Found a large runed translucent door.
  9558 | D:9      | Reached XP level 11. HP: 49/55 MP: 12/12
  9558 | D:9      | Found a large runed translucent door.
  9833 | D:9      | Found Xyral's Serpentskin Sales.
 10032 | D:9      | Found a sacrificial altar of Ru.
 10037 | D:9      | Found a shadowy altar of Dithmenos.
 10041 | D:9      | Became a worshipper of Dithmenos the Shadowed
 10075 | D:10     | Entered Level 10 of the Dungeon
 10218 | D:10     | Noticed a skeletal warrior
 10279 | D:10     | Found a blossoming altar of Fedhas.
 10359 | D:10     | Noticed a skeletal warrior
 10502 | D:10     | Identified 2 scrolls of acquirement
 10559 | D:10     | Noticed a skeletal warrior
 10751 | D:10     | Found a broken altar of Ashenzari.
 10779 | D:10     | Acquired a +0 kite shield of fire resistance
 10780 | D:10     | Acquired a +4 hunting sling of flaming
 11055 | D:10     | Found a shimmering blue altar of Sif Muna.
 11076 | D:10     | Reached * piety under Dithmenos
 11313 | D:10     | Reached skill level 1 in Slings
 11378 | D:11     | Noticed Erica
 11412 | D:11     | Killed Erica
 11454 | D:11     | Identified the ring of Qiarom {EV+4 Str+2}
 11731 | D:11     | Noticed a death yak
 11733 | D:11     | Found a staircase to the Lair.
 11734 | D:11     | Noticed a death yak
 11735 | D:11     | Noticed a death yak
 11735 | D:11     | Noticed a manticore
 11736 | D:11     | Noticed a death yak
 11829 | D:9      | Killed a death yak
 11971 | D:11     | Noticed Psyche
 11994 | D:11     | Killed Psyche
 12084 | D:11     | Noticed a death yak
 12174 | D:9      | Killed a death yak
 12175 | D:9      | Reached skill level 5 in Slings
 12175 | D:9      | Reached skill level 11 in Stealth
 12306 | D:9      | Killed a death yak
 12430 | D:9      | Killed a death yak
 12556 | D:9      | Reached XP level 12. HP: 38/60 MP: 13/13
 12592 | D:9      | Killed a death yak
 12723 | D:11     | Found the +10 tower shield of Ignorance {rN+ Int-4}
 12747 | Lair:1   | Entered Level 1 of the Lair of Beasts
 12992 | Lair:1   | Reached skill level 12 in Stealth
 13064 | Lair:1   | Noticed a four-headed hydra
 13090 | Lair:1   | Killed a one-headed hydra
 13569 | Lair:1   | Reached skill level 13 in Stealth
 13583 | Lair:1   | Reached ** piety under Dithmenos
 13797 | Lair:1   | Reached skill level 1 in Shields
 14816 | Lair:2   | Reached skill level 5 in Shields
 14980 | Lair:2   | Found a staircase to the Swamp.
 15143 | Lair:2   | Paralysed by a hornet for 3 turns
 15225 | Lair:2   | Noticed a seven-headed hydra
 15257 | Lair:1   | Killed a three-headed hydra
 15508 | Lair:2   | Noticed a catoblepas
 15573 | Lair:2   | HP: 2/60 [catoblepas (4)]
 15575 | Lair:2   | Mangled by a catoblepas

Illustrated notes

Levels and vault maps discovered:
D:1:      scummos_arrival_forest, layout_basic,
          shapermc_ecumenical_altar_flowoftime, chequers_serial_rivers_large_a
D:2:      layout_loops_ring, kennysheep_cross_bottleneck, lemuel_old_faithful,
          uniq_terence
D:3:      layout_rooms, lemuel_round_altar, minmay_diced_spiral, uniq_ijyb,
          uniq_purgy
D:4:      layout_loops_ring, eat_drink_and_be_merry_uskayaw,
          mainiacjoe_overflow_surrounded_room, mainiacjoe_overflow_brackets,
          minmay_temple_entry_drinking_statues, serial_shops, kennysheep_mini,
          uniq_sigmund
D:5:      wad_woods_settlement, layout_basic, uniq_blork_the_orc
D:6:      layout_rooms, tso_altar, minmay_ruffians
D:7:      layout_loops_ring, gammafunk_ghost_cemetery, uniq_menkaure,
          uniq_crazy_yiuf_cottage
D:8:      layout_rooms, mainiacjoe_overflow_boulevard,
          mainiacjoe_overflow_small_starburst, kennysheep_generic_room_6
D:9:      layout_rooms, lemuel_tele_altar, jmf_multi_god_temple2,
          guppyfry_shop_venom
D:10:     layout_small_grid, old_standard_altar, mainiacjoe_overflow_paths,
          mainiacjoe_overflow_tiny_flanked
D:11:     layout_basic, dpeg_lair_monsters, serial_rivers,
          chequers_serial_rivers_marsh, chequers_serial_rivers_room_b,
          chequers_serial_rivers_small_b, chequers_serial_rivers_room_b,
          zin_treasury, uniq_psyche, uniq_erica
Temple:   nicolae_temple_figure_zero
Lair:1:   layout_hall_layers
Lair:2:   layout_chaotic_city, minmay_swamp_entry_swarm,
          nicolae_spider_entry_orb_guardian, serial_bayou, serial_bayou_lake_a,
          serial_bayou_pond_a, serial_bayou_pond_b, serial_bayou_shore_a

Skill      XL: |  1  2  3  4  5  6  7  8  9 10 11 12 |
---------------+-------------------------------------+-----
Throwing       | 2 3 4 5 |  5.5
Short Blades   | 3 4 6 9 |  9.0
Fighting       | 2 5 |  5.1
Stealth        | 9 10 11 13 | 13.2
Hexes          | 7 9 |  9.3
Slings         | 6 7 |  7.3
Shields        | 7 |  7.0
Dodging        | |  0.7

Action                   |  1- 3 |  4- 6 |  7- 9 | 10-12 || total
-------------------------+-------+-------+-------+-------++-------
Melee: Dagger            |    63 |   127 |   421 |  1260 ||  1871
       Bite              |    11 |    35 |   136 |   504 ||   686
       Scimitar          |       |       |       |    10 ||    10
 Fire: Hunting sling     |       |       |       |    57 ||    57
Throw: Dart              |    13 |    64 |   180 |   346 ||   603
       Boomerang         |       |       |     8 |       ||     8
 Cast: Cause Fear        |       |       |       |     1 ||     1
  Use: Scroll            |       |       |    11 |    10 ||    21
 Stab: Sleeping          |     3 |     4 |     4 |     5 ||    16
       Invisible         |       |     2 |     1 |       ||     3
       Petrified         |       |       |       |     3 ||     3
Armor: Robe              |    15 |    27 |    65 |   443 ||   550
Dodge: Dodged            |    32 |    79 |   149 |   503 ||   763
Block: Buckler           |       |       |       |   131 ||   131
       Rpst.: Scimitar   |       |       |       |     1 ||     1

Table legend: (Time is in decaauts)
 A = Elapsed time spent in this place.
 B = Non-inter-level travel time spent in this place.
 C = Inter-level travel time spent in this place.
 D = Time resting spent in this place.
 E = Time spent auto-exploring this place.
 F = Levels seen in this place.
 G = Mean time per level.
                   A        B        C        D        E       F      G
               +--------+--------+--------+--------+--------+-----+--------+
         Total |  14654 |  13878 |    776 |   1273 |   8645 |  14 | 1046.7 |
       Dungeon |  11954 |  11278 |    676 |   1020 |   7148 |  11 | 1086.7 |
        Temple |    123 |    113 |     10 |      0 |    113 |   1 |  123.0 |
          Lair |   2576 |   2486 |     90 |    253 |   1383 |   2 | 1288.0 |
               +--------+--------+--------+--------+--------+-----+--------+

Top non-repeatable levels by time:
     D:9: 1819 daAuts
  Lair:1: 1777 daAuts
     D:7: 1260 daAuts
     D:2: 1243 daAuts
     D:5: 1203 daAuts
    D:10: 1198 daAuts
     D:6: 1086 daAuts
     D:1: 1037 daAuts
     D:4: 998 daAuts
     D:3: 804 daAuts
  Lair:2: 798 daAuts
     D:8: 683 daAuts
    D:11: 619 daAuts
  Temple: 123 daAuts
